 Dungeon Crawl Stone Soup version 0.30-a0-913-g9934a0c (webtiles) character file.

Game seed: 9326081589115370112

3452 Dorkslayer the Covered (level 10, 0/63 HPs)
             Began as a Gargoyle Fighter on Mar 19, 2023.
             Killed from afar by an acid dragon (15 damage)
             ... with a splash of acid
             ... on level 7 of the Dungeon.
             The game lasted 00:19:05 (6312 turns).

Dorkslayer the Covered (Gargoyle Fighter)           Turns: 6312, Time: 00:19:07

Health: 0/63       AC: 13    Str: 22    XL:     10   Next: 6%
Magic:  10/10      EV:  7    Int:  9    God:
Gold:   146        SH:  5    Dex: 11    Spells: 9/9 levels left

rFire   . . .      SeeInvis .    a - +2 war axe
rCold   . . .      Faith    .    c - +0 buckler
rNeg    + . .      Spirit   .    d - +0 plate armour
rPois   ∞          Reflect  .    (no helmet)
rElec   +          Rampage  .    m - +0 cloak
rCorr   .                        j - +2 pair of gloves
Will    .....                    (no boots) Stlth
                                 r - amulet of the acrobat
HPRegen 0.30/turn                (no ring)
MPRegen 0.12/turn                (no ring)

@: corroded
A: sickness immunity, AC +7, negative energy resistance 1, electricity
resistance, torment resistance 1, petrification resistance
a: no special abilities


You were on level 7 of the Dungeon.
You visited 2 branches of the dungeon, and saw 8 of its levels.
You also visited: Ossuary.

You collected 364 gold pieces.
You spent 218 gold pieces at shops.

Inventory:

Hand Weapons
 a - a +2 war axe (weapon)
Missiles
 l - 10 boomerangs
 w - 3 javelins (quivered)
Armour
 c - a +0 buckler (worn)
 d - a +0 plate armour (worn)
 j - a +2 pair of gloves (worn)
 m - a +0 cloak (worn)
Jewellery
 r - an amulet of the acrobat (around neck)
Wands
 h - a wand of flame (4)
 v - a wand of iceblast (1)
Scrolls
 f - 4 scrolls of teleportation
 g - a scroll of silence
 p - 2 scrolls of fog
 q - a scroll of poison
 u - a scroll of blinking
Potions
 e - 5 potions of flight
 i - 2 potions of magic
 k - a potion of ambrosia
 n - 2 potions of brilliance
 o - 2 potions of cancellation
 s - a potion of attraction {unknown}
 t - a potion of degeneration {unknown}


   Skills:
 * Level 7.1 Fighting
 + Level 4.2 Axes
 + Level 3.7 Throwing
 * Level 7.4 Armour
 * Level 4.9 Dodging
 + Level 5.7 Shields
 * Level 4.9 Evocations


You had 9 spell levels left.
You didn't know any spells.
Your spell library contained the following spells:

 Spells                   Type           Power      Damage    Failure   Level
 Necrotise                Necr           0%         1d4       100%        1
 Vampiric Draining        Necr           0%         2d6       100%        3
 Agony                    Necr           0%         N/A       100%        5


Dungeon Overview and Level Annotations

Branches:
Dungeon (7/15)             Temple (1/1) D:4         Ossuary (visited)

Altars:
Ashenzari
Cheibriados
Fedhas
Gozag
Hepliaklqana
Nemelex Xobeh
Qazlal
Ru
Sif Muna
Uskayaw
Vehumet
Wu Jian
Xom
The Shining One

Shops:
D:3 [?(*(

Annotations:
D:4 2 runed translucent doors, MinotaursOnly's ghost, amateur MiAr


Innate Abilities, Weirdness & Mutations

You are immune to sickness and miasma.
Your stone body is resilient. (AC +7)
You are immune to poison.
You resist negative energy. (rN+)
You are resistant to electric shocks. (rElec)
You are resistant to unholy torment.
You are immune to petrification.


Message History

You slash the acid dragon!
The acid dragon is almost dead.
The acid dragon closely misses you. The acid dragon barely misses you.
The acid dragon closely misses you.
The acid dragon claws you but does no damage.
You hit the acid dragon but do no damage.
The acid dragon is almost dead.
The acid dragon bites you.
The acid dragon claws you but does no damage.
You completely miss the acid dragon.
The acid dragon is almost dead.
The acid dragon spits acid at you.
The splash of acid hits you but does no damage.
You barely miss the acid dragon.
The acid dragon is almost dead.
You block the acid dragon's attack.
The acid dragon claws you but does no damage.
You hit the acid dragon but do no damage.
The acid dragon is almost dead.
The acid dragon bites you. The acid dragon claws you.
The acid dragon bites you but does no damage.
The acid dragon claws you but does no damage.
You hit the acid dragon but do no damage.
The acid dragon is almost dead.
The acid dragon spits acid at you. The splash of acid hits you!
The acid corrodes you!
You feel better. The acid dragon barely misses you.
The acid dragon claws you but does no damage.
You closely miss the acid dragon.
The acid dragon is almost dead.
The acid dragon bites you.
The acid dragon claws you but does no damage.
You hit the acid dragon but do no damage.
The acid dragon is almost dead.
The acid dragon bites you!
* * * LOW HITPOINT WARNING * * *
The acid dragon claws you but does no damage.
The acid dragon spits acid at you. The splash of acid hits you!
You die...

#...#..#...#..#
#...#.#.....#.#
#.#.##.......##
#.#.#####.####
#.#..# #.#
#....# #.##
##...# #..##
##..##
##..####.#.#
##..#
##..@D5o.#
#...##
######.#.#
##....##
#####......##
.............#
#####..#.......
...#######.....
.>.# ........#
...###.⌠.....##


You could see an acid dragon (catching breath), a white imp and an orc.

Vanquished Creatures
  A two-headed ogre (D:7)
  A wraith (Ossuary)
  3 water moccasins
  3 ice beasts
  3 black bears
  2 ogres
  2 phantoms
  2 centaurs
  3 bullfrogs
  A scorpion (D:4)
  5 wights
  2 hounds
  4 orc priests
  A gnoll bouda (D:5)
  4 jellies
  3 iguanas
  3 orc wizards
  A sleepcap (D:6)
  3 mummies (Ossuary)
  15 gnolls
  13 adders
  2 shadow imps (D:6)
  A white imp (D:7)
  2 ufetubi
  5 dart slugs (D:1)
  9 orcs
  5 endoplasms
  2 giant cockroaches
  6 hobgoblins
  6 jackals
  2 quokkas
  5 ball pythons
  6 bats
  3 frilled lizards
  8 goblins
  6 goblin zombies (Ossuary)
  2 hobgoblin zombies (Ossuary)
  6 kobolds
  5 kobold zombies (Ossuary)
  An orc zombie (Ossuary)
  4 rats
  A spectral goblin (D:6)
162 creatures vanquished.

Vanquished Creatures (others)
  11 plants (D:4)
11 creatures vanquished.

Grand Total: 173 creatures vanquished

Notes
Turn   | Place    | Note
-------+----------+-------------------------------------------
     0 | D:1      | Dorkslayer the Gargoyle Fighter began the quest for the
                  | Orb.
     0 | D:1      | Reached XP level 1. HP: 14/14 MP: 1/1
    66 | D:1      | Found a faded altar of an unknown god.
    84 | D:1      | Reached XP level 2. HP: 11/19 MP: 2/2
   456 | D:1      | Reached skill level 1 in Dodging
   494 | D:1      | Reached XP level 3. HP: 23/23 MP: 3/3
  1310 | D:2      | Reached XP level 4. HP: 25/28 MP: 4/4
  1627 | D:3      | Found Ruesmydgh's Antique Armour Boutique.
  1816 | D:3      | Found Curad's Magic Scroll Shop.
  1844 | D:3      | Found Desh's Weapon Shop.
  1847 | D:3      | Bought a scroll of identify for 20 gold pieces
  1893 | D:3      | Reached skill level 1 in Throwing
  1974 | D:3      | Found Odoock's Weapon Boutique.
  2019 | D:3      | Found Waihoi's Assorted Antiques.
  2044 | D:3      | Reached XP level 5. HP: 32/33 MP: 5/5
  2050 | D:3      | Bought a wooden wand for 80 gold pieces
  2050 | D:3      | Bought a scroll labelled ZEINWAD MEUS for 20 gold pieces
  2050 | D:3      | Bought a purple potion for 18 gold pieces
  2050 | D:3      | Bought a fluorescent wand for 80 gold pieces
  2211 | D:4      | Found a runed translucent door.
  2243 | D:4      | Reached XP level 6. HP: 5/38 MP: 6/6
  2251 | D:4      | Found a sand-covered staircase.
  2264 | Ossuary  | Entered an ossuary
  2264 | Ossuary  | Noticed a wraith
  2264 | Ossuary  | Noticed a wraith
  2264 | Ossuary  | Noticed a wraith
  2385 | Ossuary  | Reached skill level 1 in Evocations
  2439 | Ossuary  | Noticed a wraith
  2451 | Ossuary  | Killed a wraith
  3094 | D:4      | HP: 1/39 [something (4)]
  3095 | D:4      | Reached XP level 7. HP: 1/44 MP: 7/7
  3276 | D:4      | Found a runed translucent door.
  3284 | D:4      | Reached skill level 5 in Armour
  3296 | D:4      | Noticed MinotaursOnly's ghost (amateur MiAr)
  3380 | D:4      | Found a staircase to the Ecumenical Temple.
  3392 | Temple   | Entered the Ecumenical Temple
  3392 | Temple   | Found a transporter.
  3392 | Temple   | Found a transporter.
  3394 | Temple   | Found a transporter.
  3394 | Temple   | Found a transporter.
  3843 | D:5      | Entered Level 5 of the Dungeon
  3993 | D:5      | Reached skill level 5 in Fighting
  4086 | D:5      | Reached XP level 8. HP: 14/49 MP: 8/8
  4245 | D:5      | Found an ornate altar of the Wu Jian Council.
  5226 | D:6      | Found a hazy altar of Hepliaklqana.
  5449 | D:6      | Found a broken altar of Ashenzari.
  5860 | D:6      | Reached skill level 5 in Shields
  5869 | D:6      | Reached XP level 9. HP: 55/55 MP: 9/9
  6103 | D:7      | Noticed a two-headed ogre
  6109 | D:7      | Killed a two-headed ogre
  6237 | D:7      | Reached XP level 10. HP: 57/63 MP: 10/10
  6312 | D:7      | Killed from afar by an acid dragon

Illustrated notes

Levels and vault maps discovered:
D:1:      mrwooster_arrival_statue_3, layout_loops_ring, basic_ecumenical_altar
D:2:      layout_loops_ring, minmay_fountain_box
D:3:      layout_rooms, serial_shops, shop, shop, nicolae_shop_advertising_works
          [nicolae_subvault_shop_adworks], nicolae_shop_crystal, shop
D:4:      layout_basic, minmay_temple_entry_glassed_door, ebering_ghost_sewer_f,
          enter_ossuary_1, nicolae_grassy_gnolls
D:5:      layout_cave_pods, nzn_wu_jian_council_hall
D:6:      layout_loops_corners, evilmike_ruin_ashenzari,
          nicolae_hepliaklqana_monster_ancestors
D:7:      minmay_the_grid_plus_closed [minmay_the_grid_medium_cups,
          minmay_the_grid_dragon_b, minmay_the_grid_x, minmay_the_grid_odd_star,
          minmay_the_grid_prize_four_corners_diamond_a], layout_cave_pools,
          mainiacjoe_overflow_paths, grunt_temple_overflow_bloody_war,
          nicolae_elevator_lobby_asterisk
Temple:   hellmonk_temple_divided_pantheon

Skill      XL: |  1  2  3  4  5  6  7  8  9 |
---------------+----------------------------+-----
Dodging        | 1 2 3 4 |  4.9
Axes           | 2 3 4 |  4.2
Armour         | 4 5 6 7 |  7.4
Throwing       | 1 2 3 |  3.7
Fighting       | 4 5 6 7 |  7.1
Evocations     | 1 2 3 4 |  4.9
Shields        | 4 5 |  5.7

Action                     |  1- 3 |  4- 6 |  7- 9 | 10-12 || total
---------------------------+-------+-------+-------+-------++-------
  Melee: War axe           |   124 |   174 |   285 |    21 ||   604
  Throw: Boomerang         |       |     2 |     7 |       ||     9
         Javelin           |       |       |     3 |       ||     3
  Evoke: Wand              |       |     4 |    10 |     2 ||    16
    Use: Scroll            |       |     6 |    13 |       ||    19
         Potion            |       |     4 |     6 |     1 ||    11
 Armour: Scale mail        |    31 |       |       |       ||    31
         Chain mail        |    68 |   138 |   217 |       ||   423
         Plate armour      |       |       |    10 |    24 ||    34
         Skin              |       |       |     2 |       ||     2
  Dodge: Dodged            |    58 |    94 |   181 |    11 ||   344
  Block: Buckler           |    31 |    52 |    88 |     4 ||   175

Table legend: (Time is in decaauts)
 A = Elapsed time spent in this place.
 B = Non-inter-level travel time spent in this place.
 C = Inter-level travel time spent in this place.
 D = Time resting spent in this place.
 E = Time spent auto-exploring this place.
 F = Levels seen in this place.
 G = Mean time per level.
                   A        B        C        D        E       F      G
               +--------+--------+--------+--------+--------+-----+--------+
         Total |   6577 |   6577 |      0 |    202 |   3260 |   9 |  730.8 |
       Dungeon |   5851 |   5851 |      0 |     25 |   3163 |   7 |  835.9 |
        Temple |     41 |     41 |      0 |      0 |      0 |   1 |   41.0 |
       Ossuary |    684 |    684 |      0 |    177 |     97 |   1 |  684.0 |
               +--------+--------+--------+--------+--------+-----+--------+

Top non-repeatable levels by time:
     D:6: 1149 daAuts
     D:4: 1019 daAuts
     D:5: 1017 daAuts
     D:1: 917 daAuts
     D:2: 734 daAuts
 Ossuary: 684 daAuts
     D:3: 627 daAuts
     D:7: 386 daAuts
  Temple: 41 daAuts
